 Dungeon Crawl Stone Soup version 0.16.0-16-g311141a (webtiles) character file.

100 dysrexia the Stinger (level 4, -14/18 HPs)
             Began as a Felid Venom Mage on Mar 19, 2015.
             Was an Initiate of Ashenzari.
             Killed by an exploding giant spore (32 damage)
             ... summoned by a shadow trap
             ... triggered by the player character
             ... on level 6 of the Dungeon.
             The game lasted 00:13:12 (2555 turns).

dysrexia the Stinger (Felid Venom Mage)             Turns: 2555, Time: 00:13:12

Health: -14/18     AC:  1    Str:  4    XL:     4   Next: 46%
Magic:  8/10       EV: 18    Int: 17    God:    Ashenzari [......]
Gold:   49         SH:  0    Dex: 16    Spells: 2 memorised, 3 levels left
                                        Lives:  0   Deaths: 1

rFire  . . .     SeeInvis +     (weapon unavailable)
rCold  . . .     Clarity  .     (armour unavailable)
rNeg   . . .     SustAb   .     (shield unavailable)
rPois  .         Gourm    .     (helmet unavailable)
rElec  .         Spirit   .     (cloak unavailable)
rCorr  .         Warding  .     (gloves unavailable)
rMut   .         Stasis   .     (boots unavailable)
MR     .....                    (no amulet)
Stlth  ++........               (no ring)
                                (no ring)

@: confused, quick, not resistant to hostile enchantments, unstealthy
A: paw claws, no armour, no weapons or thrown items, fangs 3, see invisible,
carnivore 3, speed 1, shaggy fur 1, slow metabolism 1, sharp paws
a: Renounce Religion


You were on level 6 of the Dungeon.
You worshipped Ashenzari.
Ashenzari was noncommittal.
You were not hungry.

You visited 1 branch of the dungeon, and saw 4 of its levels.

You collected 49 gold pieces.

Inventory:

Magical devices
 g - a wand of paralysis (7)
Potions
 a - a potion of haste {unknown}
 d - a potion of degeneration {unknown}
 e - a potion of magic {unknown}
 f - a potion of restore abilities {unknown}
 h - 2 potions of brilliance
 i - a potion of resistance {unknown}
 n - a potion of lignification {unknown}
Books
 b - a Young Poisoner's Handbook

   Spells                             Type                      Level
   a - Sting                          Conjuration/Poison           1
   b - Cure Poison                    Poison                       2
   c - Mephitic Cloud                 Conjuration/Poison/Air       3
   d - Olgreb's Toxic Radiance        Poison                       4
   e - Venom Bolt                     Conjuration/Poison           5
Comestibles
 c - 2 meat rations
 j - a beef jerky
 k - a royal jelly


   Skills:
 - Level 2.6 Dodging
 - Level 2.8 Stealth
 - Level 2.0 Spellcasting
 + Level 2.4 Conjurations
 * Level 1.8 Air Magic
 - Level 4.7 Poison Magic


You had 3 spell levels left.
You knew the following spells:

 Your Spells              Type           Power        Failure   Level  Hunger
a - Sting                 Conj/Pois      ##..         4%          1    #......
b - Mephitic Cloud        Conj/Pois/Air  ##......     17%         3    ###....


Dungeon Overview and Level Annotations

Branches:
Dungeon (6/15)             Temple (0/1) D:6

Altars:
Ashenzari

Annotations:
D:3 Ijyb


Innate Abilities, Weirdness & Mutations

You cannot wear armour.
You are incapable of wielding weapons or throwing items.
You have razor-sharp teeth.
You have supernaturally acute eyesight.
You are carnivorous and can eat meat at any time.
You cover ground quickly.
You are covered in fur (AC +1).
You have a slow metabolism.
Your paws have sharp claws that are effective at stabbing.


Message History

The sting hits the jelly.
The jelly is lightly wounded.
Casting: Sting
Confirm with . or Enter, or press ? or * to list all spells.
Aiming: Sting
Press: ? - help, Shift-Dir - straight line, f/p - jelly
Aim: a jelly (lightly wounded)
The sting hits the jelly.
The jelly completely resists.
The jelly is lightly wounded.
Shadows whirl around you...
There is a dormant shadow trap here.
The centaur completely misses you.
The centaur wields a shortbow.
The centaur shoots an arrow.
The arrow closely misses you.
The arrow disappears in a puff of smoke!
The giant spore explodes!
The explosion of spores engulfs you!
You are confused.
Ouch! That really hurt!
You die...

........# .≈≈≈≈≈≈.>.≈≈≈≈≈≈..
........##.≈≈≈≈≈≈...≈≈≈≈≈≈..
.......##..≈≈≈≈≈≈≈≈≈≈≈≈≈...
#......#.....≈≈≈≈≈≈≈≈≈.....
#...####.......≈≈≈≈≈.......
#..........................
#...........[..............
#...........J...^..##......
#.........@.c......##......
####.........s.....##......
#...............##......
#...............##......
#...............#####...
#........######## #...
#........# #### #........#
#........#


You could see a centaur, a jelly and a giant cockroach.

Vanquished Creatures
  A hound (D:6)
  Jessica (D:3)
  Robin (D:2)
  An adder (D:2)
  4 gnolls
  A worm (D:2)
  4 giant geckos
  6 bats
  14 goblins (D:2)
  3 hobgoblins
  7 jackals
  2 giant newts
  6 kobolds
  7 rats
58 creatures vanquished.

Notes
Turn   | Place    | Note
--------------------------------------------------------------
     0 | D:1      | dysrexia, the Felid Venom Mage, began the quest for the Orb.
     0 | D:1      | Reached XP level 1. HP: 7/7 MP: 4/4
   488 | D:1      | Reached skill level 4 in Poison Magic
   488 | D:1      | Reached XP level 2. HP: 11/11 MP: 0/5
   554 | D:1      | Reached skill level 1 in Conjurations
   971 | D:2      | Reached XP level 3. HP: 10/14 MP: 3/8
  1203 | D:2      | Noticed Robin
  1219 | D:2      | Killed Robin
  1469 | D:2      | Learned a level 3 spell: Mephitic Cloud
  1506 | D:2      | Found a shattered altar of Ashenzari.
  1533 | D:2      | Reached XP level 4. HP: 18/18 MP: 7/10
  1594 | D:2      | Became a worshipper of Ashenzari the Shackled
  2120 | D:3      | Noticed Ijyb
  2134 | D:3      | Reached skill level 1 in Air Magic
  2138 | D:3      | Killed from afar by Ijyb
  2139 | D:3      | Reached XP level 3. HP: 0/14 MP: 1/8
  2155 | D:3      | Noticed Jessica
  2162 | D:3      | Killed Jessica
  2162 | D:3      | Reached XP level 4. HP: 3/18 MP: 6/10
  2460 | D:3      | You fall through a shaft for 3 floors!
  2525 | D:6      | Found a staircase to the Ecumenical Temple.
  2549 | D:6      | Noticed a centaur
  2555 | D:6      | Killed by an exploding giant spore

Action                   |  1- 3 |  4- 6 || total
-------------------------+-------+-------++-------
Melee: Unarmed           |    12 |     2 ||    14
 Cast: Sting             |    77 |    57 ||   134
  Use: Scroll            |     1 |     5 ||     6
 Stab: Sleeping          |     2 |       ||     2
  Eat: Chunk             |     9 |     3 ||    12
